 Dungeon Crawl Stone Soup version 0.25-a0-875-geaba134f46 (webtiles) character file.

Game seed: 6987363369327759461, levelgen mode: deterministic

107303 Flugkiller the Severer (level 16, -11/130 HPs)
             Began as a Demonspawn Warper on May 1, 2020.
             Was a High Priest of Uskayaw.
             Mangled by a shock serpent (23 damage)
             ... on level 1 of the Snake Pit.
             The game lasted 00:37:27 (26289 turns).

Flugkiller the Severer (Demonspawn Warper)         Turns: 26289, Time: 00:37:28

Health: -11/130    AC: 29    Str: 24    XL:     16   Next: 0%
Magic:  22/22      EV: 10    Int: 17    God:    Uskayaw [*****.]
Gold:   2956       SH: 15    Dex: 12    Spells: 19/19 levels left

rFire    . . .     SeeInvis .   b - +9 broad axe (vorpal)
rCold    + + .     Gourm    .   A - +2 kite shield
rNeg     + . .     Faith    +   n - +4 ice dragon scales of Dishonesty {rF- rC++ Str+5}
rPois    +         Spirit   .   (helmet restricted)
rElec    .         Reflect  .   K - scarf {cloud immunity}
rCorr    .         Harm     .   p - +1 pair of gloves
MR       +....                  (boots unavailable)
Stlth    ..........             W - amulet of Voggasin {Faith +Blink Stlth+}
HPRegen  0.31/turn              V - +5 ring of protection
MPRegen  0.18/turn              s - ring of poison resistance

@: mighty, lethally poisoned (-11 -> -12), hasted and slowed, studying Short
Blades
A: beak, claws 1, hooves 3, iridescent scales 2, demonic guardian 1, fire
resistance 1, negative energy resistance 1, strong 1, flame cloud immunity
a: Stomp, Line Pass, Grand Finale, Renounce Religion, Evoke Blink


You were on level 1 of the Snake Pit.
You worshipped Uskayaw.
Uskayaw was aware of your devotion.
You were hungry.

You visited 5 branches of the dungeon, and saw 25 of its levels.
You also visited: Bailey and Ice Cave.

You collected 3230 gold pieces.
You spent 274 gold pieces at shops.

Inventory:

Hand Weapons
 b - a +9 vorpal broad axe (weapon)
   (You took it off Urug on level 10 of the Dungeon)
Missiles
 Y - 5 throwing nets (quivered)
Armour
 n - the +4 ice dragon scales of Dishonesty (worn) {rF- rC++ Str+5}
   (You found it in an ice cave)

   It affects your strength (+5).
   It makes you vulnerable to fire.
   It greatly protects you from cold.
 p - a +1 pair of gloves (worn)
   (You found it on level 2 of the Dungeon)
 r - the +5 ring mail "Xohip" {-Tele rPois rF+}
   (You found it on level 2 of the Lair of Beasts)

   It protects you from fire.
   It protects you from poison.
   It prevents most forms of teleportation.
 A - a +2 kite shield (worn)
   (You found it on level 6 of the Dungeon)
 K - a scarf of cloud immunity (worn)
   (You found it on level 7 of the Dungeon)
 X - a +0 plate armour of fire resistance
   (You took it off a vault guard on level 13 of the Dungeon)
Jewellery
 s - a ring of poison resistance (right hand)
   (You found it on level 14 of the Dungeon)
 C - an uncursed ring of see invisible
   (You found it on level 1 of the Lair of Beasts)
 T - an uncursed ring of protection from cold
   (You found it on level 5 of the Lair of Beasts)
 V - a +5 ring of protection (left hand)
   (You found it on level 12 of the Dungeon)
 W - the amulet of Voggasin (around neck) {Faith +Blink Stlth+}
   (You found it on level 15 of the Dungeon)

   [amulet of faith]

   It allows you to gain divine favour quickly.
   It lets you blink.
   It makes you more stealthy.
Wands
 k - a wand of flame (17)
   (You found it on level 3 of the Dungeon)
 y - a wand of polymorph (16)
   (You found it on level 2 of the Lair of Beasts)
 D - a wand of enslavement (21)
   (You found it on level 5 of the Dungeon)
 I - a wand of paralysis (18)
   (You found it on level 5 of the Dungeon)
 L - a wand of scattershot (6)
   (You found it on level 12 of the Dungeon)
 N - a wand of iceblast (18)
   (You found it on level 9 of the Dungeon)
 Q - a wand of digging (7)
   (You found it on level 9 of the Dungeon)
 S - a wand of acid (7)
   (You found it on level 1 of the Lair of Beasts)
Scrolls
 c - 5 scrolls of remove curse
 d - 7 scrolls of blinking
 i - 3 scrolls of immolation
 l - 2 scrolls of fog
 o - 6 scrolls of teleportation
 q - 2 scrolls of identify
 u - 4 scrolls of fear
 F - a scroll of vulnerability
 U - 2 scrolls of magic mapping
Potions
 a - a potion of mutation
 g - a potion of resistance
 h - 2 potions of flight
 j - 4 potions of ambrosia
 m - 7 potions of brilliance
 t - 2 potions of might
 v - 3 potions of stabbing
 w - a potion of magic
 B - 8 potions of curing
 E - 4 potions of lignification
 G - 3 potions of haste
 H - 4 potions of heal wounds
 M - a potion of cancellation
Books
 Z - a manual of Short Blades
   (You found it in a bailey)
Miscellaneous
 x - a phial of floods
   (You found it on level 1 of the Lair of Beasts)
 R - a lightning rod (4/4)
   (You found it on level 10 of the Dungeon)
Comestibles
 f - 43 rations


   Skills:
 + Level 13.1 Fighting
 + Level 15.3 Axes
   Level 2.0(10.4) Polearms
 - Level 0.8 Throwing
 + Level 11.3 Armour
 - Level 1.7 Dodging
 + Level 12.0 Shields
 - Level 2.0 Spellcasting
   Level 2.6 Translocations
 - Level 9.0 Invocations
 - Level 4.0 Evocations


You had 19 spell levels left.
You didn't know any spells.
Your spell library contained the following spells:

 Spells                   Type           Power        Failure   Level  Hunger
 Apportation              Tloc           ##....       22%         1    #......
 Blink                    Tloc           N/A          32%         2    ###....
 Shroud of Golubria       Chrm/Tloc      #.....       50%         2    ###....
 Animate Skeleton         Necr           N/A          54%         1    #......
 Beastly Appendage        Tmut           #.....       54%         1    #......
 Corona                   Hex            #......      54%         1    #......
 Freeze                   Ice            #...         54%         1    #......
 Magic Dart               Conj           #...         54%         1    #......
 Shock                    Conj/Air       #...         54%         1    #......
 Sting                    Tmut/Pois      #...         54%         1    #......
 Summon Small Mammal      Summ           #...         54%         1    #......
 Gell's Gravitas          Tloc           ##........   54%         3    ###....
 Lesser Beckoning         Tloc           ##........   54%         3    ###....
 Teleport Other           Tloc           ##......     54%         3    ###....
 Call Imp                 Summ           #.......     69%         2    ###....
 Poisonous Vapours        Pois/Air       #.....       69%         2    ###....
 Slow                     Hex            #.......     69%         2    ###....
 Sticks to Snakes         Tmut           #.......     69%         2    ###....
 Swiftness                Chrm/Air       #.......     69%         2    ###....
 Conjure Flame            Conj/Fire      #.......     89%         3    ###....
 Frozen Ramparts          Ice            #.....       89%         3    ###....
 Ignite Poison            Fire/Tmut/Pois #.......     89%         3    ###....
 Mephitic Cloud           Conj/Pois/Air  #.......     89%         3    ###....
 Ozocubu's Armour         Chrm/Ice       #.......     89%         3    ###....
 Spider Form              Tmut/Pois      #.........   89%         3    ###....
 Static Discharge         Conj/Air       #.......     89%         3    ###....
 Passage of Golubria      Tloc           N/A          91%         4    #####..
 Airstrike                Air            #.........   100%        4    #####..
 Dispel Undead            Necr           #.......     100%        4    #####..
 Hailstorm                Conj/Ice       #.......     100%        4    #####..
 Ice Form                 Ice/Tmut       #.......     100%        4    #####..
 Olgreb's Toxic Radiance  Pois           #.......     100%        4    #####..
 Summon Ice Beast         Ice/Summ       #.......     100%        4    #####..
 Agony                    Necr           #.......     100%        5    ######.
 Blade Hands              Tmut           #.........   100%        5    ######.
 Lightning Bolt           Conj/Air       #.........   100%        5    ######.
 Freezing Cloud           Conj/Ice/Air   #.........   100%        6    #######
 Ring of Flames           Chrm/Fire      #.........   100%        7    #######


Dungeon Overview and Level Annotations

Branches:
Dungeon (15/15)            Temple (1/1) D:6            Lair (6/6) D:9
  Swamp (0/4) Lair:2        Snake (1/4) Lair:2        Slime (0/5) Lair:6
    Orc (2/2) D:11            Elf (0/3) Orc:2        Vaults (0/5) D:13
 Depths (0/5) D:15         Bailey (visited)           IceCv (visited)

Altars:
Cheibriados
Dithmenos
Elyvilon
Fedhas
Gozag
Hepliaklqana
Kikubaaqudgha
Makhleb
Okawaru
Qazlal
Ru
Sif Muna
Trog
Uskayaw
Vehumet
Wu Jian
Xom
Yredelemnul
Zin
The Shining One

Shops:
D:5 }   D:7 ?   D:12 **(=*   Orc:2 %*=[

Portals:
Abyss: Orc:1

Annotations:
D:2 Sigmund
D:8 3 runed translucent doors, Milacek's ghost, novice GrEE
D:11 1 runed translucent door, Thantalas's ghost, journeyman GrFE
Lair:6 2 transporters, Thantalas's ghost, journeyman DrFE
Snake:1 1 transporter, Pufomaci's ghost, adept GrBe
Orc:1 2 transporters, Vidiiot's ghost, journeyman FoBe


Innate Abilities, Weirdness & Mutations

You have hooves in place of feet.
You are mostly covered in iridescent scales. (AC +4)
A weak demonic guardian rushes to your aid.
Your flesh is heat resistant. (rF+)
You resist negative energy. (rN+)
You are immune to clouds of flame.
You have a beak for a mouth.
You have sharp fingernails.
Your muscles are strong. (Str +2)


Message History

You kill the shock serpent!
You hear an angry hiss.
Pufomaci's ghost misses your quasit.
You slice the shock serpent!! Your kick misses the shock serpent.
The shock serpent is moderately wounded.
The shock serpent's electric aura discharges violently, shocking you!
The guardian serpent is no longer paralysed.
You block the shock serpent's attack.
Your quasit completely misses Pufomaci's ghost.
Your quasit misses Pufomaci's ghost. x2
You closely miss the shock serpent. You kick the shock serpent.
The shock serpent is moderately wounded.
You feel sick.
The shock serpent bites you but does no damage.
Your quasit completely misses Pufomaci's ghost. x2
Your quasit misses Pufomaci's ghost. Pufomaci's ghost hits your quasit!!
Pufomaci's ghost burns your quasit.
Your quasit dies!
The shock serpent bites you!! The shock serpent shocks you!
* * * LOW HITPOINT WARNING * * *
You closely miss the shock serpent.
The shock serpent is moderately wounded.
The anaconda is no longer paralysed.
The guardian serpent is no longer paralysed.
The guardian serpent coils itself and waves its upper body at you.
You feel yourself slow down. You block the shock serpent's attack.
You slash the shock serpent! Your kick misses the shock serpent.
Your peck misses the shock serpent.
The shock serpent is severely wounded.
The shock serpent's electric aura discharges, shocking you!
* * * LOW HITPOINT WARNING * * *
You feel sick.
The guardian serpent is no longer sharing its pain.
The shock serpent bites you!
* * * LOW HITPOINT WARNING * * *
The shock serpent shocks you!
* * * LOW HITPOINT WARNING * * *
You block the shock serpent's attack.
You block the guardian serpent's attack.
You chop the guardian serpent into pieces!!!
You kill the guardian serpent!
You have reached level 16!
You feel clever.
You slash the shock serpent!
The shock serpent's electric aura discharges, shocking you!
You completely miss Pufomaci's ghost.
The anaconda is no longer sharing its pain.
The shock serpent bites you!!
You die...

...( ... # ... ##.###
.#####.#####+## #.....
#....#......... ...#.
.#...##........ #
#=.#S.....#........
#©..#..©SS##.y#........
#.#....@#..SWS#........
....###[W.##.##........
#.. .?![$?...#.........
# #####..##.########
..####.©.####..#
#.............##
####.....######
##.......##
#.........##


You could see an anaconda, a shock serpent (berserk), a guardian serpent and
Pufomaci's ghost.

Vanquished Creatures
  A fire giant (D:15)
  An orc warlord (Orc:2)
  Josephine (Lair:4)
  Erolcha (D:13)
  3 ogre magi
  5 vault guards (D:13)
  Fannar (D:10)
  A catoblepas (Lair:6)
  8 hydras
  4 centaur warriors
  19 two-headed ogres
  2 anacondas (Snake:1)
  2 tengu warriors (D:15)
  Urug (D:10)
  Nergalle (Orc:1)
  A shock serpent (Snake:1)
  4 skeletal warriors (D:15)
  An unseen horror (D:15)
  2 deep trolls (Orc:2)
  2 wizards
  Pikel (D:4)
  An obsidian statue (D:14)
  A lindwurm (Lair:6)
  A mana viper (Snake:1)
  An oklob plant (Lair:6)
  2 orc sorcerers (Orc:2)
  6 cyclopes
  6 ugly things
  A manticore (D:13)
  4 deep elf magi
  A moth of wrath (Snake:1)
  4 ice statues
  2 black mambas (Lair:6)
  9 elephants (Lair:6)
  2 guardian serpents
  12 spiny frogs
  3 gargoyles
  3 kobold demonologists
  2 freezing wraiths
  4 rime drakes
  3 komodo dragons
  An efreet (D:14)
  4 tengu conjurers
  11 trolls
  10 polar bears
  A wolf spider simulacrum (D:15)
  9 hornets
  6 slime creatures
  8 blink frogs
  6 hippogriffs
  8 dream sheep (Lair:6)
  A meliai zombie (D:15)
  3 wyverns
  14 spriggans
  3 shadows
  3 wraiths (Lair:4)
  13 yaks
  A vampire (D:13)
  A human (D:13)
  2 basilisks (Lair:1)
  A hungry ghost (D:15)
  A steam dragon (D:7)
  8 vampire mosquitoes
  2 wargs
  A soldier ant (D:12)
  3 nagas (Lair:2)
  2 acid dragons
  A swamp worm (Lair:2)
  18 water moccasins
  12 porcupines
  3 sky beasts
  14 ice beasts
  17 orc warriors
  A necrophage (D:13)
  2 phantoms
  An eye of draining (D:15)
  5 black bears
  34 ogres
  23 wolves
  3 boggarts (Lair:6)
  A slave (D:4)
  22 centaurs
  12 crocodiles
  Blork the orc (D:4)
  14 bullfrogs
  5 big kobolds
  8 gnoll sergeants (Bailey)
  A wyvern skeleton (D:14)
  5 scorpions
  9 killer bees
  4 wights (D:13)
  7 howler monkeys
  A lava snake (D:13)
  3 bullfrog zombies
  5 centaur zombies
  7 crimson imps
  6 hounds
  15 orc priests
  2 jellies
  5 centaur skeletons
  6 gnoll shamans (Bailey)
  21 orc wizards
  2 iguanas
  Terence (D:2)
  16 worker ants
  A hound skeleton (D:7)
  A howler monkey zombie (D:5)
  A worker ant zombie (D:8)
  A howler monkey skeleton (D:10)
  17 gnolls
  9 adders
  5 shadow imps
  14 white imps
  3 oozes
  4 worms
  3 dart slugs
  3 leopard geckos
  71 orcs
  8 bats
  6 giant cockroaches
  3 goblins
  5 hobgoblins
  16 jackals
  3 quokkas
  3 ball pythons
  3 frilled lizards
  A jackal skeleton (D:5)
  20 kobolds
  A leopard gecko zombie (D:6)
  6 rats
  4 fungi (Lair:6)
  A plant (Lair:6)
779 creatures vanquished.

Vanquished Creatures (collateral kills)
  2 hydras
  An elephant (Lair:6)
  A spiny frog (Lair:3)
  2 komodo dragons
  A troll (Orc:1)
  2 blink frogs (Lair:1)
  Prince Ribbit (D:7)
  A yak (Lair:1)
  Edmund (D:5)
  A sky beast (D:8)
  A slave (D:4)
  3 ogres
  A boggart (Lair:6)
  2 wolves
  A centaur (D:11)
  2 crocodiles
  A howler monkey (D:8)
  An orc priest (D:9)
  2 centaur skeletons
  2 orcs
29 creatures vanquished.

Vanquished Creatures (others)
  A sky beast (D:15)
  A scorpion (D:13)
  4 fungi
  3 plants (D:8)
9 creatures vanquished.

Grand Total: 817 creatures vanquished

Notes
Turn   | Place    | Note
-------+----------+-------------------------------------------
     0 | D:1      | Flugkiller the Demonspawn Warper began the quest for the
                  | Orb.
     0 | D:1      | Reached XP level 1. HP: 16/16 MP: 3/3
   188 | D:1      | Gained mutation: You have large cloven feet. [demonic
                  | ancestry]
   188 | D:1      | Reached XP level 2. HP: 19/23 MP: 5/5
   640 | D:1      | Gained mutation: A weak demonic guardian rushes to your
                  | aid. [demonic ancestry]
   640 | D:1      | Reached XP level 3. HP: 29/29 MP: 6/6
  1472 | D:2      | Noticed Terence
  1485 | D:2      | Killed Terence
  1485 | D:2      | Gained mutation: Your flesh is heat resistant. (rF+)
                  | [demonic ancestry]
  1485 | D:2      | Reached XP level 4. HP: 33/38 MP: 7/7
  1612 | D:2      | Noticed Sigmund
  2092 | D:3      | Noticed a black bear
  2102 | D:3      | Killed a black bear
  2102 | D:3      | Reached skill level 5 in Fighting
  2102 | D:3      | Reached XP level 5. HP: 8/44 MP: 8/8
  2898 | D:4      | Reached XP level 6. HP: 52/53 MP: 9/9
  2909 | D:4      | Noticed Blork the orc
  2920 | D:4      | Killed Blork the orc
  3307 | D:4      | Reached skill level 1 in Axes
  3346 | D:4      | Reached skill level 2 in Axes
  3500 | D:4      | Reached skill level 3 in Axes
  3500 | D:4      | Reached XP level 7. HP: 22/59 MP: 10/10
  3753 | D:4      | Noticed Pikel
  3787 | D:4      | Killed Pikel
  3787 | D:4      | Reached skill level 5 in Axes
  4107 | D:4      | Gained mutation: You are partially covered in iridescent
                  | scales. (AC +2) [demonic ancestry]
  4107 | D:4      | Reached XP level 8. HP: 52/65 MP: 11/11
  4289 | D:5      | Entered Level 5 of the Dungeon
  4569 | D:5      | Reached skill level 6 in Axes
  4621 | D:5      | Found Gunukhuf's Gadget Shoppe.
  4733 | D:5      | Noticed Edmund
  4739 | D:5      | Killed Edmund
  4739 | D:5      | Reached skill level 7 in Axes
  4898 | D:6      | Found a staircase to the Ecumenical Temple.
  5028 | Temple   | Entered the Ecumenical Temple
  5108 | Temple   | Became a worshipper of Uskayaw the Reveler
  5226 | D:6      | Reached * piety under Uskayaw
  5229 | D:6      | Reached ** piety under Uskayaw
  5320 | D:6      | Reached skill level 1 in Invocations
  5365 | D:6      | Reached skill level 8 in Axes
  5365 | D:6      | Gained mutation: You are mostly covered in iridescent
                  | scales. (AC +4) [demonic ancestry]
  5365 | D:6      | Reached XP level 9. HP: 59/71 MP: 12/12
  5763 | D:6      | Reached *** piety under Uskayaw
  6111 | D:7      | Found a radiant altar of Vehumet.
  6111 | D:7      | Found a shimmering blue altar of Sif Muna.
  6188 | D:7      | Noticed Prince Ribbit
  6213 | D:7      | Killed Prince Ribbit
  6213 | D:7      | Reached skill level 5 in Invocations
  6387 | D:7      | Found Foepuw's Magic Scroll Boutique.
  6393 | D:7      | Reached skill level 9 in Axes
  6398 | D:7      | Bought a scroll of fear for 56 gold pieces
  6843 | D:8      | Noticed a two-headed ogre
  6885 | D:8      | Killed a two-headed ogre
  6885 | D:8      | Reached XP level 10. HP: 32/77 MP: 15/15
  7182 | D:8      | Noticed a two-headed ogre
  7188 | D:8      | Killed a two-headed ogre
  7188 | D:8      | Reached skill level 10 in Axes
  7446 | D:8      | Found a runed translucent gate.
  7446 | D:8      | Found a runed translucent gate.
  7446 | D:8      | Found a runed translucent gate.
  7446 | D:8      | Noticed Milacek's ghost (novice GrEE)
  7447 | D:8      | Identified the cursed +2 short sword "Wyirum" {drain,
                  | Fragile Str+4}
  7641 | D:9      | Noticed a two-headed ogre
  7646 | D:9      | HP: 3/77 [two-headed ogre/+0 giant club (5)]
  7987 | D:8      | Killed a two-headed ogre
  8252 | D:9      | Reached skill level 11 in Axes
  8745 | D:9      | Found a staircase to the Lair.
  8754 | D:9      | Reached **** piety under Uskayaw
  8759 | D:9      | Reached ***** piety under Uskayaw
  8894 | D:10     | Entered Level 10 of the Dungeon
  8962 | D:10     | Reached skill level 1 in Armour
  8998 | D:10     | Noticed a gargoyle
  9027 | D:10     | Killed a gargoyle
  9263 | D:10     | Gained mutation: You are immune to clouds of flame.
                  | [demonic ancestry]
  9263 | D:10     | Reached XP level 11. HP: 83/83 MP: 17/17
  9430 | D:10     | Noticed Urug
  9452 | D:10     | Killed Urug
  9771 | D:11     | Noticed a white ugly thing
  9785 | D:11     | Killed a white ugly thing
  9863 | D:11     | Noticed Fannar
  9880 | D:11     | Noticed a purple ugly thing
 10084 | D:10     | Killed a purple ugly thing
 10525 | D:10     | Killed Fannar
 10659 | D:11     | Reached skill level 5 in Armour
 10922 | D:11     | Found a staircase to the Orcish Mines.
 11279 | D:11     | Found a runed translucent door.
 11300 | D:11     | Noticed Thantalas's ghost (journeyman GrFE)
 11352 | Lair:1   | Entered Level 1 of the Lair of Beasts
 11444 | Lair:1   | Reached skill level 12 in Axes
 11454 | Lair:1   | Reached ****** piety under Uskayaw
 12046 | Lair:1   | Reached skill level 1 in Shields
 13073 | Lair:2   | Found a frozen archway.
 13210 | Lair:2   | Gained mutation: You have hoof-like feet. [demonic
                  | ancestry]
 13210 | Lair:2   | Reached XP level 12. HP: 80/92 MP: 18/18
 13232 | Lair:2   | Reached skill level 13 in Axes
 13436 | Lair:2   | Got a smelly ring mail
 13449 | IceCv    | Entered an ice cave
 14076 | IceCv    | Got dazzling ice dragon scales
 14098 | IceCv    | Got a transparent war axe
 14132 | Lair:2   | Identified the +6 war axe of Zuerch {protect, Int+2} (You
                  | found it in an ice cave)
 14204 | Lair:2   | Identified the +4 ice dragon scales of Dishonesty {rF- rC++
                  | Str+5} (You found it in an ice cave)
 14226 | Lair:2   | Identified the +5 ring mail "Xohip" {-Tele rPois rF+} (You
                  | found it on level 2 of the Lair of Beasts)
 14247 | Lair:2   | Noticed a five-headed hydra
 14282 | Lair:2   | Killed a five-headed hydra
 14347 | Lair:2   | Found a staircase to the Snake Pit.
 14442 | Lair:2   | Noticed an eight-headed hydra
 14468 | Lair:2   | Reached skill level 5 in Shields
 14489 | Lair:2   | Noticed a six-headed hydra
 14496 | Lair:2   | Killed a seven-headed hydra
 14523 | Lair:2   | Killed a nine-headed hydra
 15233 | Lair:2   | Found a staircase to the Swamp.
 15695 | Lair:3   | Noticed a six-headed hydra
 15720 | Lair:3   | Killed a seven-headed hydra
 15801 | Lair:3   | Gained mutation: You are weak. (Str -2) [potion of
                  | mutation]
 15801 | Lair:3   | Gained mutation: You have a beak for a mouth. [potion of
                  | mutation]
 15802 | Lair:3   | Lost mutation: You are weak. (Str -2) [potion of mutation]
 15802 | Lair:3   | Gained mutation: You have sharp fingernails. [potion of
                  | mutation]
 15802 | Lair:3   | Gained mutation: You expend magic power (3 MP) to
                  | strengthen your wands. [potion of mutation]
 16157 | Lair:4   | Lost mutation: You expend magic power (3 MP) to strengthen
                  | your wands. [potion of mutation]
 16157 | Lair:4   | Gained mutation: Your muscles are strong. (Str +2) [potion
                  | of mutation]
 16157 | Lair:4   | Gained mutation: You have hooves in place of feet. [potion
                  | of mutation]
 16228 | Lair:4   | Noticed Josephine
 16236 | Lair:4   | Killed Josephine
 16243 | Lair:4   | Mutation became permanent: You have hoof-like feet.
                  | [demonic ancestry]
 16243 | Lair:4   | Gained mutation: You have hooves in place of feet. [demonic
                  | ancestry]
 16243 | Lair:4   | Reached XP level 13. HP: 99/101 MP: 19/19
 17602 | Lair:6   | Entered Level 6 of the Lair of Beasts
 17761 | Lair:6   | Found a staircase to the Slime Pits.
 17764 | Lair:6   | Reached skill level 10 in Fighting
 18162 | Lair:6   | Found a transporter.
 18181 | Lair:6   | Noticed Thantalas's ghost (journeyman DrFE)
 18207 | Lair:6   | Found a transporter.
 18363 | Lair:6   | Reached XP level 14. HP: 83/113 MP: 18/20
 19357 | Orc:1    | Entered Level 1 of the Orcish Mines
 19517 | Orc:1    | Noticed Nergalle
 19521 | Orc:1    | Reached skill level 10 in Shields
 19536 | Orc:1    | Killed Nergalle
 19809 | Orc:1    | Found a transporter.
 19859 | Orc:1    | Identified the +3 demon whip of Bloody Death {distort,
                  | Int+2}
 19859 | Orc:1    | Identified the +3 hand crossbow of Vyuwoock {venom, Dex+3}
 19859 | Orc:1    | Noticed an orc warlord
 19865 | Orc:1    | Found a one-way gate to the infinite horrors of the Abyss.
 19869 | Orc:1    | Found a transporter.
 20093 | Orc:1    | Noticed a tentacled monstrosity
 20093 | Orc:1    | Noticed Vidiiot's ghost (journeyman FoBe)
 20136 | Orc:2    | Entered Level 2 of the Orcish Mines
 20167 | Orc:2    | Found a staircase to the Elven Halls.
 20249 | Orc:2    | Reached skill level 14 in Axes
 20964 | Orc:2    | Noticed an orc warlord
 20985 | Orc:2    | Killed an orc warlord
 21931 | Orc:2    | Found Tayn's Assorted Antiques.
 21932 | Orc:2    | Found Ipagus's Armour Emporium.
 21933 | Orc:2    | Found Inyis's Food Emporium.
 21937 | Orc:2    | Found Iriwetist's Jewellery Shoppe.
 22163 | D:12     | Found Avuru's General Store.
 22442 | D:12     | Found Loewkodgh's Jewellery Shoppe.
 22570 | D:12     | Found Vuf Baqo's General Store.
 22591 | D:12     | Reached skill level 10 in Armour
 22609 | D:12     | Found Fugierr's Assorted Antiques.
 22633 | D:12     | Bought a scorched pewter ring for 150 gold pieces
 22656 | D:12     | Identified the cursed ring "Huroti" {*Corrode rN++ EV-2}
                  | (You bought it in a shop on level 12 of the Dungeon)
 22975 | D:12     | Gained mutation: You resist negative energy. (rN+) [demonic
                  | ancestry]
 22975 | D:12     | Reached XP level 15. HP: 120/120 MP: 21/21
 22993 | D:12     | Found Temigof's Weapon Shop.
 23284 | D:13     | Found a gate to the Vaults.
 23889 | D:13     | Noticed Erolcha
 23901 | D:13     | Killed Erolcha
 23950 | D:14     | You fall into a shaft and drop 1 floor!
 23950 | D:15     | Entered Level 15 of the Dungeon
 23959 | D:15     | Found a staircase to the Depths.
 23960 | D:15     | Noticed a fire giant
 24013 | D:14     | Found a flagged portal.
 24104 | Bailey   | Entered a bailey
 24984 | D:15     | Identified the cursed +1 scale mail "Reduph" {Int+3}
 24988 | D:15     | Reached skill level 15 in Axes
 25025 | D:15     | Identified the Tome of the Hierophant
 25145 | D:15     | Got a coiled crystal amulet
 25146 | D:15     | Identified the amulet of Voggasin {Faith +Blink Stlth+}
                  | (You found it on level 15 of the Dungeon)
 25177 | D:15     | Got a wizard robe
 25417 | D:15     | Killed a fire giant
 26090 | Orc:2    | Bought a scroll labeled PUDOFU UTYQUY for 34 gold pieces
 26090 | Orc:2    | Bought a scroll labeled ZEL VIPPATZ for 34 gold pieces
 26235 | Snake:1  | Entered Level 1 of the Snake Pit
 26235 | Snake:1  | Found a transporter.
 26238 | Snake:1  | Noticed Pufomaci's ghost (adept GrBe)
 26277 | Snake:1  | Found a transporter.
 26289 | Snake:1  | Reached XP level 16. HP: 12/130 MP: 22/22
 26289 | Snake:1  | Mangled by a shock serpent

Levels and vault maps discovered:
D:1:      shiori_arrival_oz, layout_loops_ring, minmay_misc_feat_alley,
          serial_bayou_lagoon_b
D:2:      layout_basic, uniq_sigmund, uniq_terence
D:3:      layout_rooms, first_ration, saegor_snake_ambush
D:4:      layout_loops_corners, minivault_25, uniq_pikel, uniq_blork_the_orc
D:5:      layout_rooms, serial_shops, shop, grunt_tough_drop, uniq_edmund
D:6:      layout_basic, minmay_temple_entry_nine_rooms
D:7:      layout_rooms, gammafunk_temple_overflow_wave, serial_shops, shop,
          uniq_prince_ribbit1
D:8:      layout_rooms, gammafunk_ghost_nasty_kobolds
D:9:      layout_cave_pools, lair_entry_dummy
D:10:     layout_roguey, uniq_urug
D:11:     layout_layer_cave, david_orc_2, ebering_ghost_reflecting_pool,
          uniq_fannar
D:12:     layout_stronghold, serial_shops, shop, shop, shop,
          nicolae_shop_temple_entry_statues_fountains, shop,
          hangedman_pestilent_swarm
D:13:     layout_roguey, grunt_vaults_entry_fortified, kennysheep_small_spiral,
          uniq_erolcha
D:14:     layout_rooms, hangedman_decor_opposing, enter_bailey_8, minivault_16,
          fake_guardian_serpent_vault
D:15:     grunt_enter_depths_giant_problem, layout_irregular_city,
          serial_park_tiny_pond, minmay_the_grid_square_5x5_3x3_mashed
          [minmay_the_grid_square_5x5_bite, minmay_the_grid_square_5x5_mess,
          minmay_the_grid_square_5x5_spiral_small,
          minmay_the_grid_square_5x5_n_small,
          minmay_the_grid_square_5x5_megaprize_diamond,
          minmay_the_grid_square_5x5_minimal,
          minmay_the_grid_square_5x5_half_checkered,
          minmay_the_grid_square_5x5_lines, minmay_the_grid_square_5x5_longway]
Temple:   regret_index_temple_chain_breaker
Lair:1:   layout_cave_pods
Lair:2:   layout_gridlike, palyth_hydra_swamp_entry,
          minmay_snake_entry_guardpost_small, portal_ice_cave_entry_imps
Lair:3:   layout_cave_shapes, forest_entry_grove
Lair:4:   layout_roguey, grunt_megastairs_1, uniq_josephine
Lair:5:   layout_long_grid, ice2_lemuel, serial_bayou_shore_b
Lair:6:   minmay_lair_end_enchanted_forest, layout_regular_city, slime_dummy,
          gammafunk_ghost_berserking_beasts
Snake:1:  layout_gridlike, gammafunk_ghost_berserking_beasts,
          minmay_shop_grid_forest
Orc:1:    layout_diamond_mine, gammafunk_ghost_abyssal_escape, mines2_lemuel,
          uniq_nergalle
Orc:2:    st_orc_open, layout_diamond_mine

Skill      XL: |  1  2  3  4  5  6  7  8  9 10 11 12 13 14 15 |
---------------+----------------------------------------------+-----
Polearms       | 2 |  2.0
Fighting       | 3 4 5 6 8 9 11 12 13 | 13.1
Axes           | 3 5 8 9 11 12 13 14 15 | 15.3
Evocations     | 2 4 |  4.0
Invocations    | 1 7 9 |  9.0
Armour         | 1 6 7 9 10 11 | 11.3
Shields        | 2 6 8 11 12 | 12.0
Throwing       | |  0.8
Dodging        | |  1.7
Spellcasting   | |  2.0
Translocations | |  2.6

Action                   |  1- 3 |  4- 6 |  7- 9 | 10-12 | 13-15 | 16-18 || total
-------------------------+-------+-------+-------+-------+-------+-------++-------
Melee: Spear             |    55 |       |       |       |       |       ||    55
       Dagger            |    62 |   114 |    46 |       |       |       ||   222
       Kick              |    17 |    29 |    69 |    22 |   278 |       ||   415
       Hand axe          |       |       |   245 |   324 |       |       ||   569
       Broad axe         |       |       |       |   337 |   936 |       ||  1273
       Peck              |       |       |       |     6 |   185 |       ||   191
       War axe           |       |       |       |     5 |       |       ||     5
Evoke: Wand              |       |     2 |     1 |    16 |     3 |       ||    22
       Lightning rod     |       |       |       |     6 |       |       ||     6
  Use: Scroll            |     1 |    10 |     3 |    17 |    15 |       ||    46
       Potion            |       |       |       |     4 |     5 |       ||     9
 Stab: Distracted        |       |       |     1 |     4 |     5 |       ||    10
       Paralysed         |       |       |     5 |    58 |   120 |       ||   183
  Eat: Chunk             |     2 |     7 |    16 |    40 |    21 |       ||    86
       Ration            |       |       |       |       |     1 |       ||     1
Armor: Leather armour    |    39 |    27 |       |       |       |       ||    66
       Plate armour      |       |    10 |   168 |   339 |       |       ||   517
       Ice dragon scales |       |       |       |    81 |   373 |     1 ||   455
       Ring mail         |       |       |       |       |    52 |       ||    52
Dodge: Dodged            |    51 |    38 |    10 |    78 |   287 |       ||   464
Block: Kite shield       |    31 |    32 |    83 |   292 |   629 |       ||  1067

Table legend:
 A = Non-vault XP
 B = Vault XP
 C = Vault XP percentage of total XP
 D = Non-vault monster count
 E = Vault monster count
 F = Vault count percentage of total count
                 A         B        C        D         E       F
            +---------+---------+-------+---------+---------+-------
      Total |   92170 |   61121 |  39.9 |     568 |     233 |  29.1
            +---------+---------+-------+---------+---------+-------
        D:1 |      48 |       2 |   4.0 |      26 |       1 |   3.7
        D:2 |      42 |      36 |  46.2 |      14 |       1 |   6.7
        D:3 |     166 |      18 |   9.8 |      14 |       3 |  17.6
        D:4 |     602 |     725 |  54.6 |      18 |       2 |  10.0
        D:5 |     470 |     304 |  39.3 |      21 |       6 |  22.2
        D:6 |    1002 |       0 |   0.0 |      18 |       0 |   0.0
        D:7 |     747 |     218 |  22.6 |      26 |       1 |   3.7
        D:8 |    3382 |       0 |   0.0 |      19 |       0 |   0.0
        D:9 |    2582 |       0 |   0.0 |      35 |       0 |   0.0
       D:10 |    1671 |    1733 |  50.9 |      21 |       2 |   8.7
       D:11 |    2723 |      20 |   0.7 |      26 |       7 |  21.2
       D:12 |    8478 |     500 |   5.6 |      58 |       4 |   6.5
       D:13 |    5560 |    7632 |  57.9 |      19 |      11 |  36.7
       D:14 |    6631 |    1081 |  14.0 |      23 |       2 |   8.0
       D:15 |   16031 |    7662 |  32.3 |      31 |      18 |  36.7
     Lair:1 |    4260 |       0 |   0.0 |      23 |       0 |   0.0
     Lair:2 |    3124 |    2649 |  45.9 |      14 |      20 |  58.8
     Lair:3 |    4833 |    1177 |  19.6 |      16 |       7 |  30.4
     Lair:4 |    2337 |    1711 |  42.3 |      10 |       4 |  28.6
     Lair:5 |    3129 |    2414 |  43.6 |      15 |      12 |  44.4
     Lair:6 |   16521 |    8523 |  34.0 |      49 |      47 |  49.0
    Snake:1 |       0 |    4118 | 100.0 |       0 |       6 | 100.0
      Orc:1 |    1446 |    2543 |  63.8 |      22 |       5 |  18.5
      Orc:2 |    6385 |   13615 |  68.1 |      50 |      33 |  39.8
     Bailey |       0 |    1225 | 100.0 |       0 |      30 | 100.0
      IceCv |       0 |    3215 | 100.0 |       0 |      11 | 100.0
            +---------+---------+-------+---------+---------+-------
